 Dungeon Crawl Stone Soup version 0.28-a0-1395-g4f6bc678fa (webtiles) character file.

Game seed: 15202006566204935146

763 eustatius the Covered (level 7, -5/60 HPs)
             Began as a Minotaur Fighter on Jan 5, 2022.
             Was a Priest of Makhleb.
             Slain by a yak (11 damage)
             ... on level 5 of the Dungeon.
             The game lasted 00:17:16 (4073 turns).

eustatius the Covered (Minotaur Fighter)            Turns: 4073, Time: 00:17:16

Health: -5/60      AC: 12    Str: 22    XL:     7   Next: 51%
Magic:  6/6        EV: 10    Int:  5    God:    Makhleb [***...]
Gold:   184        SH:  0    Dex: 10    Spells: 6/6 levels left

rFire   . . .      SeeInvis .   g - +0 dagger (venom)
rCold   . . .      Faith    .   j - orb {*Rage}
rNeg    . . .      Spirit   .   b - +0 scale mail
rPois   .          Reflect  .   (helmet restricted)
rElec   .          Harm     .   v - +2 cloak
rCorr   .          Rampage  .   u - +0 pair of gloves
Will    .....      Rage     20% (no boots)
Stlth   ..........              (no amulet)
HPRegen 0.20/turn               (no ring)
MPRegen 0.10/turn               (no ring)

@: on berserk cooldown, slowed, very slow
A: horns 2, retaliatory headbutt
a: Renounce Religion, Minor Destruction, Lesser Servant of Makhleb


You were on level 5 of the Dungeon.
You worshipped Makhleb.
Makhleb was most pleased with you.
You visited 1 branch of the dungeon, and saw 5 of its levels.

You collected 184 gold pieces.

Inventory:

Hand Weapons
 a - a +0 flail
 g - a +0 dagger of venom (weapon)
 w - a +1 dagger of protection
 B - a +0 spear of venom
Armour
 b - a +0 scale mail (worn)
 c - a +0 buckler
 j - an orb of wrath (worn)
 k - a +2 robe of resistance
 t - a +0 cloak
 u - a +0 pair of gloves (worn)
 v - a +2 cloak (worn)
Magical Staves
 q - a staff of cold
Wands
 l - a wand of polymorph (10) (quivered)
 x - a wand of flame (8)
Scrolls
 m - 7 scrolls of identify {unknown}
 n - a scroll of holy word {unknown}
 p - a scroll of immolation {unknown}
 r - a scroll of enchant armour {unknown}
 y - a scroll of teleportation {unknown}
Potions
 d - a potion of might
 e - a potion of mutation {unknown}
 f - a potion of degeneration {unknown}
 h - 4 potions of curing {unknown}
 i - a potion of cancellation {unknown}
 o - a potion of lignification {unknown}
 s - 2 potions of heal wounds {unknown}
 z - a potion of attraction {unknown}
 A - a potion of magic {unknown}


   Skills:
 + Level 4.9 Fighting
 + Level 4.1 Short Blades
 + Level 3.3 Maces & Flails
 + Level 7.5 Armour
 + Level 2.2 Dodging
 + Level 0.6 Stealth
 + Level 4.5 Shields


You had 6 spell levels left.
You didn't know any spells.
Your spell library contained the following spells:

 Spells                   Type           Power      Damage    Failure   Level
 Passwall                 Tmut/Erth      0%         N/A       88%         2
 Sublimation of Blood     Necr           0%         N/A       88%         2
 Wereblood                Tmut           0%         N/A       88%         2
 Call Canine Familiar     Summ           0%         N/A       98%         3
 Portal Projectile        Hex/Tloc       0%         N/A       98%         3
 Swiftness                Air            0%         N/A       98%         3
 Leda's Liquefaction      Hex/Erth       0%         N/A       100%        4
 Summon Hydra             Summ           0%         N/A       100%        7


Dungeon Overview and Level Annotations

Branches:
Dungeon (5/15)             Temple (0/1) D:4

Altars:
Dithmenos
Elyvilon
Fedhas
Makhleb

Shops:
D:2 (


Innate Abilities, Weirdness & Mutations

You have a pair of horns on your head.
You reflexively headbutt those who attack you in melee.


Message History

You headbutt the yak, but do no damage.
The yak is heavily wounded.
The yak closely misses you.
The yak looks more healthy.
You puncture the yak!
The yak is heavily wounded.
You are no longer berserk.
You are exhausted.
You feel yourself slow down. The yak gores you.
You hit the yak but do no damage.
The yak looks as sick as possible!
The yak is severely wounded.
The yak gores you but does no damage.
You hit the yak but do no damage.
The yak looks as sick as possible!
The yak is almost dead.
The yak gores you but does no damage.
You kill the yak!
Makhleb accepts your kill.
You feel better.
Your Short Blades skill increases to level 4!
Your Dodging skill increases to level 2!
You hit the yak but do no damage.
The yak is poisoned.
The yak is severely wounded.
The yak closely misses you. You furiously retaliate!
You headbutt the yak! The yak barely misses you.
The yak looks more healthy.
The yak gores you but does no damage. The yak closely misses you.
The yak gores you but does no damage.
You hit the yak but do no damage.
The yak looks as sick as possible!
The yak is almost dead.
The yak gores you! The yak gores you. The yak gores you but does no damage.
The yak gores you!
* * * LOW HITPOINT WARNING * * *
The yak gores you!
* * * LOW HITPOINT WARNING * * *
The yak barely misses you. You furiously retaliate!
You headbutt the yak, but do no damage. You hit the yak but do no damage.
The yak is poisoned.
You kill the yak!
Makhleb accepts your kill. The yak gores you!
You die...

......#......# .....#
#.........###....### .
###..........†......#
...#..†<..#............#
>.........###..........##
...$#...).##...##.....###
.). #......#...##.......#
.. ##.....##..Y##......##
#.....#.YY@...........
.........#....#.......
.#.............#.......
..#....................#
.. .:........>.........##
.....................
............#........
.###........#....##
#.............#


You could see 3 yaks.

Vanquished Creatures
  2 yaks (D:5)
  A black bear (D:4)
  A scorpion (D:4)
  A wyvern skeleton (D:5)
  An orc priest (D:4)
  A jelly (D:4)
  Jessica (D:2)
  2 orc wizards
  Ijyb (D:4)
  A killer bee zombie (D:4)
  8 gnolls
  5 adders
  3 worms
  5 dart slugs
  12 orcs
  4 bats
  8 endoplasms
  3 giant cockroaches
  6 goblins
  11 hobgoblins
  2 jackals (D:1)
  A quokka (D:3)
  3 ball pythons (D:3)
  4 kobolds
  4 rats
91 creatures vanquished.

Vanquished Creatures (others)
  A fungus (D:3)
1 creature vanquished.

Grand Total: 92 creatures vanquished

Notes
Turn   | Place    | Note
-------+----------+-------------------------------------------
     0 | D:1      | eustatius the Minotaur Fighter began the quest for the Orb.
     0 | D:1      | Reached XP level 1. HP: 19/19 MP: 0/0
    64 | D:1      | Reached XP level 2. HP: 14/27 MP: 1/1
    74 | D:1      | Found a faded altar of an unknown god.
    92 | D:1      | Prayed at the altar of an unknown god.
    92 | D:1      | Became a worshipper of Makhleb the Destroyer
    92 | D:1      | Reached * piety under Makhleb
   883 | D:2      | Noticed Jessica
   891 | D:2      | Killed Jessica
   892 | D:2      | Reached skill level 4 in Armour
   892 | D:2      | Reached XP level 3. HP: 19/33 MP: 2/2
  1006 | D:2      | Reached ** piety under Makhleb
  1029 | D:2      | Found Utzut's Antique Weapon Shop.
  1088 | D:2      | Reached XP level 4. HP: 26/40 MP: 3/3
  1389 | D:2      | Found a blossoming altar of Fedhas.
  1540 | D:3      | Reached skill level 1 in Short Blades
  1714 | D:3      | Found a shadowy altar of Dithmenos.
  1763 | D:3      | Reached XP level 5. HP: 36/46 MP: 4/4
  1966 | D:3      | Found a white marble altar of Elyvilon.
  2130 | D:3      | Reached skill level 5 in Armour
  2736 | D:4      | Reached skill level 1 in Dodging
  2736 | D:4      | Reached XP level 6. HP: 7/53 MP: 5/5
  2741 | D:4      | HP: 2/53 [poisoned by a scorpion]
  3145 | D:4      | Noticed Ijyb
  3161 | D:4      | Killed Ijyb
  3162 | D:4      | Reached skill level 6 in Armour
  3621 | D:4      | Reached *** piety under Makhleb
  3622 | D:4      | Reached XP level 7. HP: 60/60 MP: 6/6
  3660 | D:4      | Found a staircase to the Ecumenical Temple.
  3985 | D:5      | Entered Level 5 of the Dungeon
  3995 | D:5      | Reached skill level 7 in Armour
  4036 | D:5      | Noticed a yak
  4037 | D:5      | Noticed a yak
  4037 | D:5      | Noticed a yak
  4038 | D:5      | Noticed a yak
  4039 | D:5      | Noticed a yak
  4068 | D:5      | Killed a yak
  4073 | D:5      | Killed a yak
  4073 | D:5      | Slain by a yak

Illustrated notes

Levels and vault maps discovered:
D:1:      nzn_arrival_water_spiral, layout_basic, shapermc_ecumenical_altar_venn
D:2:      layout_rooms, basic_altar, serial_shops, shop,
          kennysheep_generic_room_8, uniq_jessica
D:3:      layout_basic, mainiacjoe_overflow_catwalk, elyvilon_altar_1,
          minmay_fractal_squares_diagonal_5
D:4:      layout_gridville, minmay_temple_entry_from_below_a,
          grunt_ministairs_3, uniq_ijyb
D:5:      layout_cave_pools, nicolae_ru_great_annihilating_truth, serial_shops,
          nicolae_lakefront_shop

Skill      XL: |  1  2  3  4  5  6  7 |
---------------+----------------------+-----
Shields        | 4 |  4.5
Maces & Flails | 3 |  3.3
Fighting       | 4 |  4.9
Armour         | 4 5 6 7 |  7.5
Short Blades   | 2 3 4 |  4.1
Dodging        | 1 2 |  2.2
Stealth        | |  0.6

Action                   |  1- 3 |  4- 6 |  7- 9 || total
-------------------------+-------+-------+-------++-------
Melee: Flail             |    19 |       |       ||    19
       Headbutt          |    10 |    26 |     5 ||    41
       Dagger            |    49 |   135 |    35 ||   219
Armor: Scale mail        |    36 |    79 |    17 ||   132
Dodge: Dodged            |    34 |    53 |    19 ||   106
Block: Buckler           |     5 |       |       ||     5

Table legend: (Time is in decaauts)
 A = Elapsed time spent in this place.
 B = Non-inter-level travel time spent in this place.
 C = Inter-level travel time spent in this place.
 D = Time resting spent in this place.
 E = Time spent auto-exploring this place.
 F = Levels seen in this place.
 G = Mean time per level.
                   A        B        C        D        E       F      G
               +--------+--------+--------+--------+--------+-----+--------+
         Total |   4215 |   3095 |   1120 |    281 |   2085 |   5 |  843.0 |
       Dungeon |   4215 |   3095 |   1120 |    281 |   2085 |   5 |  843.0 |
               +--------+--------+--------+--------+--------+-----+--------+

Top non-repeatable levels by time:
     D:4: 1403 daAuts
     D:3: 1176 daAuts
     D:1: 841 daAuts
     D:2: 701 daAuts
     D:5: 93 daAuts
